 Dungeon Crawl Stone Soup version 0.32-a0-41-gec2d92a32c (webtiles) character file.

Game seed: 3652880790242000237

7577 CougarLife the Grappler (level 10, -10/100 (102) HPs)
             Began as a Troll Fighter on Jan 26, 2024.
             Was an Elder of Okawaru.
             Mangled by a freezing wraith (11 damage)
             ... on level 8 of the Dungeon.
             The game lasted 00:16:47 (9087 turns).

CougarLife the Grappler (Troll Fighter)             Turns: 9087, Time: 00:16:47

HP:   -10/100 (102) AC:  6    Str: 26    XL:     10   Next: 97%
MP:   15/15         EV: 11    Int:  8    God:    Okawaru [****..]
Gold: 586           SH:  9    Dex:  9    Spells: 9/9 levels left

rFire   + .          .
                       - Unarmed
rCold   . . .        b - +0 kite shield
rNeg    . . .        c - +2 robe {rF+}
rPois   .            (helmet restricted)
rElec   .            (no cloak)
rCorr   .            (gloves unavailable)
SInv    .            (boots unavailable)
Will    .....        (no amulet)
Stlth   +++          (no ring)
HPRegen 1.16/turn    (no ring)
MPRegen 0.14/turn

%: no passive effects
@: heroic, slowed, lightly drained, very slow
A: large, unfitting armour, claws 3, regeneration 1, shaggy fur 1, tough skin 1
a: Renounce Religion, Heroism, Finesse


You were on level 8 of the Dungeon.
You worshipped Okawaru.
Okawaru was greatly pleased with you.
You visited 2 branches of the dungeon, and saw 11 of its levels.
You also visited: Ossuary and Bailey.

You collected 586 gold pieces.

Inventory:

Hand Weapons
 F - a +2 spear of venom
Missiles
 i - 2 throwing nets
 k - 30 poisoned darts (quivered)
 l - 8 boomerangs
Armour
 b - a +0 kite shield (worn)
 c - a +2 robe of fire resistance (worn)
Wands
 a - a wand of polymorph (7)
 v - a wand of quicksilver (14)
Scrolls
 d - a scroll of vulnerability
 e - a scroll of silence
 f - a scroll of blinking
 g - 2 scrolls of teleportation
 m - 2 scrolls of revelation {unknown}
 n - 2 scrolls of fear
 u - 8 scrolls of enchant armour
 w - 2 scrolls of torment {unknown}
 x - 2 scrolls of noise {unknown}
 C - a scroll of butterflies {unknown}
 E - a scroll of brand weapon {unknown}
 I - 4 scrolls of enchant weapon
Potions
 h - 7 potions of haste
 j - 9 potions of heal wounds
 o - 4 potions of curing {unknown}
 p - a potion of lignification {unknown}
 q - a potion of berserk rage {unknown}
 r - 3 potions of magic {unknown}
 s - 3 potions of mutation {unknown}
 t - a potion of resistance {unknown}
 z - 2 potions of cancellation {unknown}
 A - 3 potions of enlightenment {unknown}
 B - a potion of might
 D - a potion of degeneration {unknown}
 G - a potion of invisibility {unknown}
 H - a potion of brilliance {unknown}
Miscellaneous
 y - a lightning rod (4/4)


   Skills:
 - Level 7.0(12.0) Fighting
 - Level 5.1(10.1) Dodging
 - Level 3.2(8.2) Shields
 - Level 10.8(15.8) Unarmed Combat
 + Level 8.3 Invocations


You had 9 spell levels left.
You didn't know any spells.
Your spell library contained the following spells:

 Spells                   Type           Power      Damage    Failure   Level
 Magic Dart               Conj           0%         1d3       58%         1
 Blink                    Tloc           0%         N/A       75%         2
 Scorch                   Fire           0%         2d5       75%         2
 Gell's Gravitas          Tloc           0%         N/A       92%         3
 Hailstorm                Conj/Ice       0%         3d5       92%         3
 Teleport Other           Tloc           0%         N/A       92%         3
 Anguish                  Hex/Necr       0%         N/A       100%        4
 Cause Fear               Hex            0%         N/A       100%        4
 Flame Wave               Conj/Fire      0%         2d4       100%        4
 Borgnjor's Vile Clutch   Necr/Erth      0%         N/A       100%        5
 Dispersal                Tloc           0%         N/A       100%        6
 Enfeeble                 Hex            0%         N/A       100%        7
 Call Imp                 Summ           Unusable   N/A       N/A         2
 Summon Ice Beast         Ice/Summ       Unusable   N/A       N/A         3
 Animate Dead             Necr           Unusable   N/A       N/A         4
 Death Channel            Necr           Unusable   N/A       N/A         6
 Sculpt Simulacrum        Ice/Alch       Unusable   N/A       N/A         6
 Summon Cactus Giant      Summ           Unusable   N/A       N/A         6

Dungeon Overview and Level Annotations

Branches:
Dungeon (10/15)            Temple (1/1) D:4         Ossuary (visited)
 Bailey (visited)
   Lair: D:8-11         Orc: D:9-12

Altars:
Ashenzari
Dithmenos
Elyvilon
Fedhas
Gozag
Hepliaklqana
Makhleb
Okawaru
Ru
Sif Muna
Trog
Uskayaw
Vehumet
Wu Jian
Zin
The Shining One


Innate Abilities, Weirdness & Mutations

You are too large for most types of armour.
You have claws for hands.
Your natural rate of healing is unusually fast.
You are covered in fur. (AC +1)
You have tough skin. (AC +1)


Message History

You scratch the freezing wraith.
The freezing wraith is moderately damaged.
The freezing wraith closely misses you. The freezing wraith hits you!
You block the wraith's attack.
You scratch the freezing wraith.
The freezing wraith is moderately damaged.
You mangle the wraith!!
The wraith is heavily damaged.
You block the freezing wraith's attack. The freezing wraith misses you.
You block the wraith's attack.
The laughing skull gibbers with scorn.
The bolt of negative energy hits the wraith.
The wraith completely resists.
The bolt of negative energy misses you.
The bolt of negative energy hits the freezing wraith.
The freezing wraith completely resists.
You barely miss the wraith.
The wraith is heavily damaged.
The wraith hits you but does no damage. The freezing wraith hits you!
* * * LOW HITPOINT WARNING * * *
The freezing wraith freezes you!
* * * LOW HITPOINT WARNING * * *
The freezing wraith hits you.
* * * LOW HITPOINT WARNING * * *
The freezing wraith drains your vigour!
You feel yourself slow down.
You mangle the wraith!!
You destroy the wraith!
Okawaru accepts your kill. You block the freezing wraith's attack.
The freezing wraith hits you.
* * * LOW HITPOINT WARNING * * *
The freezing wraith drains your vigour!
You feel as though you will be slow longer.
You block the laughing skull's attack.
You scratch the laughing skull.
The laughing skull is lightly damaged.
You block the laughing skull's attack. The freezing wraith hits you.
* * * LOW HITPOINT WARNING * * *
The freezing wraith freezes you!
* * * LOW HITPOINT WARNING * * *
The freezing wraith hits you!
You die...

####.#...#.#.#
#.#.##.##.#..#..)∩ #
#.##.##.#.# #.#.##.##.#>.#....
# #.##.##.#.#
#<#.##.#.....#.... #
#.##.##.#.###...##.#.#........
#.##.............#.#.....#.##.
#....[....######.#.####..#.##.
#######.#.## #.#.##......#..
#).#.#####..............
#.###)z@W....##.##.###.#
##.#.#######.##.##.....# ##.##
#.##.######## ###.# #.##.# #
#...# #.##.# # #### #.#.#
#.##.# # ...# #.#.# #.##.# ##
##.#######.#.########.##.# #.
........##.#.............# #.


You could see a freezing wraith and a laughing skull.

Vanquished Creatures
  An orc knight (Bailey)
  A deep elf pyromancer (D:8)
  Pikel (D:4)
  Grinder (D:3)
  A shadow (D:10)
  A wraith (D:8)
  4 yaks (D:10)
  A wyvern (D:7)
  3 steam dragons
  9 orc warriors
  Duvessa (D:5)
  3 ice beasts
  2 black bears
  An ogre (D:6)
  3 phantoms
  4 centaurs
  2 lemures (D:4)
  2 elf zombies (Ossuary)
  2 kobold brigands
  4 bullfrogs
  4 scorpions
  A burial acolyte (Ossuary)
  4 wights
  Dowan (D:5)
  A howler monkey (D:6)
  2 bombardier beetles
  2 centaur zombies (Ossuary)
  2 human zombies (Ossuary)
  3 gnoll boudas
  3 jellies
  3 orc priests
  3 hounds
  5 iguanas
  2 sleepcaps
  10 orc wizards
  Natasha (thrice) (D:4)
  A killer bee zombie (Ossuary)
  3 hound zombies (Ossuary)
  3 mummies (Ossuary)
  14 gnolls
  6 adders
  A shadow imp (D:6)
  An ufetubus (D:6)
  An adder zombie (Ossuary)
  3 dart slugs
  63 orcs
  6 endoplasms
  A gnoll zombie (Ossuary)
  8 goblins
  5 hobgoblins
  4 jackals (D:4)
  A quokka (D:1)
  5 ball pythons
  6 ball python zombies (Ossuary)
  7 bats
  15 frilled lizards
  3 jackal zombies (Ossuary)
  10 kobolds
  3 kobold zombies (Ossuary)
  2 orc zombies (Ossuary)
  2 rats
270 creatures vanquished.

Notes
Turn   | Place    | Note
-------+----------+-------------------------------------------
     0 | D:1      | CougarLife the Troll Fighter began the quest for the Orb.
     0 | D:1      | Reached XP level 1. HP: 22/22 MP: 0/0
   328 | D:1      | Reached XP level 2. HP: 29/29 MP: 1/1
   802 | D:1      | Found a faded altar of an unknown god.
   970 | D:2      | Reached XP level 3. HP: 36/36 MP: 2/2
  1203 | D:2      | Reached XP level 4. HP: 41/44 MP: 3/3
  1333 | D:2      | Reached skill level 3 in Unarmed Combat
  1571 | D:3      | Found a burning altar of Makhleb.
  1578 | D:3      | Identified the +8 sling of Perversion {drain, Int+6}
  1591 | D:3      | Identified the +1 robe of Hepliaklqana, Smoking {Int+2
                  | SInv}
  1763 | D:3      | Noticed Grinder
  1784 | D:3      | Killed Grinder
  1785 | D:3      | Reached skill level 4 in Unarmed Combat
  1785 | D:3      | Reached XP level 5. HP: 14/53 MP: 4/4
  1785 | D:3      | Reached XP level 6. HP: 16/61 MP: 5/5
  2519 | D:4      | Reached skill level 5 in Unarmed Combat
  2799 | D:4      | Found a staircase to the Ecumenical Temple.
  2906 | Temple   | Entered the Ecumenical Temple
  3085 | D:4      | Noticed Pikel
  3086 | D:4      | Noticed Natasha
  3133 | D:4      | Killed Natasha
  3138 | D:4      | Killed Pikel
  3139 | D:4      | Reached skill level 7 in Unarmed Combat
  3139 | D:4      | Reached XP level 7. HP: 26/71 MP: 6/6
  3457 | D:4      | Found an iron altar of Okawaru.
  3756 | D:4      | Noticed Natasha
  3762 | D:4      | Killed Natasha
  3847 | D:4      | Noticed Natasha
  3851 | D:4      | Killed Natasha
  3875 | D:5      | Entered Level 5 of the Dungeon
  3887 | D:5      | Reached XP level 8. HP: 73/79 MP: 7/7
  3920 | D:5      | Reached skill level 5 in Fighting
  4051 | D:5      | Reached skill level 8 in Unarmed Combat
  4092 | D:4      | Became a worshipper of Warmaster Okawaru
  4265 | D:5      | Noticed Dowan
  4266 | D:5      | Noticed Duvessa
  4276 | D:5      | Killed Duvessa
  4280 | D:5      | Killed Dowan
  4348 | D:5      | Found a hazy altar of Hepliaklqana.
  4523 | D:5      | Reached skill level 9 in Unarmed Combat
  4805 | D:6      | Reached * piety under Okawaru
  4806 | D:6      | Reached skill level 1 in Invocations
  4883 | D:6      | Reached XP level 9. HP: 84/89 MP: 9/9
  5238 | D:6      | Reached ** piety under Okawaru
  6185 | D:6      | Reached skill level 5 in Invocations
  6218 | D:6      | HP: 3/92 [orc warrior/+0 halberd (8)]
  6713 | D:7      | Found a sand-covered staircase.
  6736 | Ossuary  | Entered an ossuary
  7067 | D:7      | Reached *** piety under Okawaru
  7068 | D:7      | Reached XP level 10. HP: 76/102 MP: 13/13
  7310 | D:7      | You fall into a shaft and drop 3 floors!
  7310 | D:10     | Entered Level 10 of the Dungeon
  7399 | D:10     | Reached skill level 5 in Dodging
  7411 | D:10     | Reached skill level 10 in Unarmed Combat
  7692 | D:8      | Found a flagged portal.
  7713 | Bailey   | Entered a bailey
  8115 | Bailey   | Reached **** piety under Okawaru
  8183 | Bailey   | Noticed an orc knight
  8204 | Bailey   | Killed an orc knight
  9058 | D:9      | Noticed a deep elf pyromancer
  9058 | D:9      | Noticed a deep elf pyromancer
  9058 | D:9      | Noticed a red ugly thing
  9060 | D:9      | Noticed a deep elf pyromancer
  9062 | D:9      | Noticed a cyclops
  9070 | D:8      | Killed a deep elf pyromancer
  9079 | D:9      | Noticed a centaur warrior
  9087 | D:8      | HP: 1/100 [freezing wraith (14)]
  9087 | D:8      | Mangled by a freezing wraith

Illustrated notes

Levels and vault maps discovered:
D:1:      minmay_arrival_statue_studded, layout_basic,
          shapermc_ecumenical_altar_pompeii
D:2:      layout_basic, minmay_parallelograms, small_statue_intersection,
          grunt_ministairs_7, minmay_lizard_pond
D:3:      layout_basic, bloody_makhleb, serial_bayou, serial_bayou_pond_e,
          serial_bayou_lagoon_b, serial_bayou_lake_a, serial_bayou_pond_a,
          uniq_grinder
D:4:      layout_layer_cave, lemuel_round_altar,
          minmay_temple_entry_glassed_door, uniq_natasha, uniq_pikel
D:5:      layout_basic, nzn_hepliaklqana_mist_gate, grunt_ministairs_8,
          uniq_duvessa
D:6:      minmay_octagon_keep, layout_layer_cave, grunt_ministairs_3,
          chequers_serial_rivers_micro_b, kennysheep_big_empty_room,
          minmay_joined_circles
D:7:      nicolae_cairo_tiling_very_big, layout_gridville,
          nicolae_overflow_crystal_walls, enter_ossuary_1
D:8:      layout_loops_ring, enter_bailey_2
D:9:      layout_cave_pools, kennysheep_slug_shrine,
          mainiacjoe_overflow_large_starburst, grunt_lair_entry_orc_guard_hut,
          minivault_28
D:10:     layout_layer_cave, gammafunk_temple_of_torment, david_orc_2,
          serial_shops, nicolae_shop_crystal
Temple:   dshaligram_water_room_temple

Skill      XL: |  1  2  3  4  5  6  7  8  9 10 |
---------------+-------------------------------+-----
Dodging        | 3 4 5 |  5.1
Shields        | 3 |  3.2
Unarmed Combat | 4 7 9 10 | 10.8
Fighting       | 3 4 6 7 |  7.0
Invocations    | 2 5 8 |  8.3

Action                     |  1- 3 |  4- 6 |  7- 9 | 10-12 || total
---------------------------+-------+-------+-------+-------++-------
  Melee: Unarmed           |    85 |   116 |   359 |   234 ||   794
  Throw: Boomerang         |       |       |     3 |     3 ||     6
         Dart              |       |       |       |    15 ||    15
 Invoke: Heroism           |       |       |       |     2 ||     2
    Use: Potion            |       |     1 |       |     2 ||     3
         Scroll            |       |       |     8 |       ||     8
 Armour: Robe              |    67 |    76 |   276 |   168 ||   587
  Dodge: Dodged            |    46 |    30 |   122 |    77 ||   275
  Block: Kite shield       |    42 |    35 |   150 |   114 ||   341

Table legend: (Time is in decaauts)
 A = Elapsed time spent in this place.
 B = Non-inter-level travel time spent in this place.
 C = Inter-level travel time spent in this place.
 D = Time resting spent in this place.
 E = Time spent auto-exploring this place.
 F = Levels seen in this place.
 G = Mean time per level.
                   A        B        C        D        E       F      G
               +--------+--------+--------+--------+--------+-----+--------+
         Total |   9052 |   8691 |    361 |    618 |   5591 |  13 |  696.3 |
       Dungeon |   8152 |   7791 |    361 |    395 |   5481 |  10 |  815.2 |
        Temple |      1 |      1 |      0 |      0 |      0 |   1 |    1.0 |
       Ossuary |    273 |    273 |      0 |      0 |     35 |   1 |  273.0 |
        Bailey |    625 |    625 |      0 |    223 |     75 |   1 |  625.0 |
               +--------+--------+--------+--------+--------+-----+--------+

Top non-repeatable levels by time:
     D:6: 1809 daAuts
     D:4: 1425 daAuts
     D:3: 944 daAuts
     D:1: 943 daAuts
     D:5: 796 daAuts
     D:8: 729 daAuts
     D:2: 637 daAuts
  Bailey: 625 daAuts
     D:7: 480 daAuts
    D:10: 374 daAuts
 Ossuary: 273 daAuts
     D:9: 11 daAuts
  Temple: 1 daAuts
